 Dungeon Crawl Stone Soup version 0.29.1-1-gd02db6906a (webtiles) character file.

Game seed: 8084546273111690220

4750 Icepheonix32 the Arsonist (level 10, 0/73 HPs)
             Began as a Purple Draconian Fire Elementalist on Sept 29, 2022.
             Was a Follower of Vehumet.
             Shot with a bolt by a centaur warrior (7 damage)
             ... on level 9 of the Dungeon.
             The game lasted 00:21:52 (9462 turns).

Icepheonix32 the Arsonist (DrFE)                    Turns: 9462, Time: 00:21:53

Health: 0/73       AC: 15    Str: 11    XL:     10   Next: 23%
Magic:  0/21       EV: 12    Int: 18    God:    Vehumet [*.....]
Gold:   238        SH:  0    Dex: 11    Spells: 6/24 levels left

rFire   + . .      SeeInvis .   h - +3 woodcutter's axe {vorpal}
rCold   x . .      Faith    .   (shield currently unavailable)
rNeg    . . .      Spirit   +   (body armour unavailable)
rPois   .          Reflect  .   (helmet restricted)
rElec   .          Harm     .   (no cloak)
rCorr   .          Rampage  .   C - +0 pair of gloves
Will    ++...                   f - +2 pair of boots {Stlth+}
Stlth   +++.......              m - amulet of guardian spirit
HPRegen 0.22/turn               v - +4 ring of protection
MPRegen 0.17/turn               E - ring of fire

@: slowed, very slow
A: breathe power, AC +7, unfitting armour, cold-blooded, beak, dopey 1,
strong-willed 1
a: Breathe Dispelling Energy, Renounce Religion


You were on level 9 of the Dungeon.
You worshipped Vehumet.
Vehumet was aware of your devotion.
You visited 2 branches of the dungeon, and saw 10 of its levels.
You also visited: Sewer.

You collected 496 gold pieces.
You spent 258 gold pieces at shops.

Inventory:

Hand Weapons
 h - the +3 woodcutter's axe (weapon) {vorpal}
   (You found it on level 2 of the Dungeon)

   It inflicts extra damage upon your enemies.
 l - a +2 hand axe of chaos
 u - a +1 mace of protection
Missiles
 b - 3 silver boomerangs
 I - 6 boomerangs
Armour
 f - a +2 pair of boots of stealth (worn)
 j - a +2 tower shield
 C - a +0 pair of gloves (worn)
Magical Staves
 w - a staff of cold
Jewellery
 e - an amulet of faith
 m - an amulet of guardian spirit (around neck)
 v - a +4 ring of protection (left hand)
 D - a +6 ring of strength
 E - a ring of fire (right hand)
 L - an amulet of the acrobat
Wands
 c - a wand of acid (4)
 k - a wand of charming (14)
 z - a wand of mindburst (38)
 K - a wand of digging (9)
Scrolls
 n - 2 scrolls of vulnerability
 o - 6 scrolls of fog
 q - a scroll of summoning
 B - 4 scrolls of teleportation
 J - a scroll of poison
Potions
 a - a potion of magic
 d - 7 potions of curing
 g - a potion of resistance
 i - 4 potions of might
 p - 2 potions of ambrosia
 r - a potion of cancellation {unknown}
 s - a potion of attraction
 x - a potion of invisibility
 A - a potion of berserk rage
 F - 2 potions of haste {unknown}
 G - a potion of flight
 H - 2 potions of heal wounds {unknown}


   Skills:
 + Level 2.3 Fighting
 + Level 1.4 Axes
 + Level 0.1 Staves
 + Level 3.3 Dodging
 + Level 3.2 Stealth
 + Level 7.9 Spellcasting
 * Level 6.4 Conjurations
 + Level 0.2 Hexes
 * Level 3.4 Summonings
 * Level 10.4 Fire Magic


You had 6 spell levels left.
You knew the following spells:

 Your Spells              Type           Power      Damage    Failure   Level
a - Foxfire               Conj/Fire      100%       2x1d9     1%          1
b - Scorch                Fire           100%       2d10      1%          2
c - Flame Wave            Conj/Fire      54%        2d13      3%          4
d - Conjure Flame         Conj/Fire      54%        6-21      1%          3
e - Sticky Flame          Conj/Fire      54%        2d7       3%          4
f - Inner Flame           Hex/Fire       39%        N/A       3%          3
g - Summon Small Mammal   Summ           76%        N/A       2%          1

Your spell library contained the following spells:

 Spells                   Type           Power      Damage    Failure   Level
 Magic Dart               Conj           100%       1d8       1%          1
 Ignite Poison            Fire/Tmut/Pois 29%        N/A       7%          3
 Stone Arrow              Conj/Erth      36%        3d9       8%          3
 Apportation              Tloc           14%        N/A       10%         1
 Necrotise                Necr           28%        1d5       10%         1
 Sandblast                Erth           14%        2d6       10%         1
 Passwall                 Tmut/Erth      5%         N/A       16%         2
 Ozocubu's Armour         Ice            7%         N/A       30%         3
 Ozocubu's Refrigeration  Ice            3%         4d8       100%        7


Dungeon Overview and Level Annotations

Branches:
Dungeon (9/15)             Temple (1/1) D:5           Sewer (visited)
   Lair: D:8-11         Orc: D:9-12

Altars:
Ashenzari
Cheibriados
Dithmenos
Elyvilon
Fedhas
Gozag
Hepliaklqana
Kikubaaqudgha
Makhleb
Nemelex Xobeh
Okawaru
Qazlal
Ru
Sif Muna
Trog
Uskayaw
Vehumet
Wu Jian
Xom
Yredelemnul
Zin
The Shining One

Shops:
D:9 [


Innate Abilities, Weirdness & Mutations

You can breathe bolts of dispelling energy.
Your rich purple scales are hard. (AC +7)
You cannot fit into any form of body armour.
You are cold-blooded and may be slowed by cold attacks.
You have a beak for a mouth.
You are dopey. (Int -2)
You are strong-willed. (Will+)


Message History

A wave of flame ripples out!
The flame wave engulfs the kobold brigand!!
You kill the kobold brigand!
Vehumet accepts your kill.
The flame wave engulfs the yak!
The yak is severely wounded.
The flame wave engulfs the gnoll sergeant!
The gnoll sergeant is almost dead.
You finish channelling waves of flame.
You hear a shout!
The gnoll sergeant hits you from afar with a +0 trident!
Unknown command.
You hit the yak.
The yak is almost dead.
The gnoll sergeant closely misses you. The yak gores you.
Unknown command.
You slash the yak!
You kill the yak!
Vehumet accepts your kill. The gnoll sergeant closely misses you.
Your magical contamination has completely faded away.
Unknown command.
The gnoll sergeant hits you with a +0 trident.
A centaur warrior comes into view.
It is wielding a +1 arbalest of freezing.
Things that are here:
a +0 dagger; 2 poisoned darts; a kobold corpse You hit the gnoll sergeant but do no damage.
The gnoll sergeant is almost dead.
The gnoll sergeant closely misses you.
You hit the gnoll sergeant but do no damage.
You peck the gnoll sergeant, but do no damage.
The gnoll sergeant is almost dead.
The gnoll sergeant misses you.
You hit the gnoll sergeant.
You kill the gnoll sergeant!
Vehumet accepts your kill.
The centaur warrior shoots a bolt.
The bolt hits you!!
* * * LOW HITPOINT WARNING * * *
You feel yourself slow down. The bolt freezes you!
You die...

.
##.............
.#
#..##.....>....
.
##.####.........
.# #..#
#.........
#c##.##
#.........
#.#..#
#......... #
#.#.##
#......... #.
#).# #)#@##
#.).# #####


You could see a centaur warrior.

Vanquished Creatures
  Erica (D:9)
  Pikel (D:6)
  Joseph (D:8)
  A gargoyle (D:9)
  Maggie (D:7)
  2 yaks (D:9)
  2 water moccasins
  Pargi (Sewer)
  2 black bears
  3 centaurs
  An ogre (D:6)
  A kobold brigand (D:9)
  3 lemures (D:6)
  A phantom (D:5)
  A gnoll sergeant (D:9)
  2 necrophages
  5 bullfrogs
  5 scorpions
  2 wights (D:9)
  3 howler monkeys (D:9)
  2 jellies
  3 hounds
  An orc priest (D:8)
  5 iguanas
  3 orc wizards
  10 adders
  3 gnolls
  4 white imps
  An ufetubus (D:5)
  2 worms
  A dart slug (D:1)
  21 orcs
  4 bats
  6 endoplasms
  5 giant cockroaches
  A goblin (D:1)
  8 hobgoblins
  11 jackals
  4 quokkas
  12 ball pythons
  2 frilled lizards
  7 kobolds
  8 rats
163 creatures vanquished.

Vanquished Creatures (collateral kills)
  A foxfire (D:9)
1 creature vanquished.

Vanquished Creatures (others)
  515 foxfires
515 creatures vanquished.

Grand Total: 679 creatures vanquished

Notes
Turn   | Place    | Note
-------+----------+-------------------------------------------
     0 | D:1      | Icepheonix32 the Draconian Fire Elementalist began the
                  | quest for the Orb.
     0 | D:1      | Reached XP level 1. HP: 14/14 MP: 3/3
   434 | D:1      | Reached XP level 2. HP: 20/20 MP: 0/5
  1505 | D:2      | Found the +3 woodcutter's axe {vorpal}
  1517 | D:2      | Reached XP level 3. HP: 25/26 MP: 2/6
  1625 | D:2      | HP: 1/26 [adder (4)]
  1627 | D:2      | Reached skill level 4 in Fire Magic
  1973 | D:2      | Identified the +5 ring mail "Buweddeo" {rElec rN+ MP+9
                  | Dex+3}
  2046 | D:2      | Found a faded altar of an unknown god.
  2145 | D:2      | You fall into a shaft and drop 2 floors!
  2172 | D:4      | Noticed a scorpion
  2184 | D:4      | Killed a scorpion
  2185 | D:4      | Reached XP level 4. HP: 30/34 MP: 2/8
  2273 | D:4      | Reached XP level 5. HP: 14/39 MP: 1/9
  2489 | D:4      | Reached skill level 1 in Fighting
  2566 | D:4      | Found a glowing drain.
  2588 | Sewer    | Entered a sewer
  2703 | Sewer    | Reached XP level 6. HP: 46/47 MP: 5/10
  2807 | Sewer    | Noticed Pargi
  2818 | Sewer    | Killed Pargi
  2819 | Sewer    | Reached skill level 5 in Fire Magic
  2901 | Sewer    | Learned a level 2 spell: Scorch
  2906 | Sewer    | Learned a level 4 spell: Flame Wave
  2910 | Sewer    | Learned a level 3 spell: Conjure Flame
  3281 | D:4      | Reached skill level 1 in Axes
  3281 | D:4      | Your scales start taking on a rich purple colour.
  3281 | D:4      | Reached XP level 7. HP: 52/52 MP: 1/13
  4586 | D:3      | Reached skill level 6 in Fire Magic
  4978 | D:3      | Gained mutation: You occasionally shout uncontrollably at
                  | your foes. [potion of mutation]
  4978 | D:3      | Gained mutation: Potions are less effective at restoring
                  | your health. [potion of mutation]
  4978 | D:3      | Gained mutation: You have supernaturally acute eyesight.
                  | (SInv) [potion of mutation]
  4978 | D:3      | Gained mutation: Your muscles are strong. (Str +4, Int/Dex
                  | -1) [potion of mutation]
  5007 | D:5      | Entered Level 5 of the Dungeon
  5362 | D:5      | Found a staircase to the Ecumenical Temple.
  5377 | Temple   | Entered the Ecumenical Temple
  5677 | Temple   | Became a worshipper of Vehumet
  6194 | D:6      | Found an iron altar of Okawaru.
  6238 | D:6      | Reached skill level 5 in Spellcasting
  6238 | D:6      | Reached XP level 8. HP: 61/61 MP: 10/15
  6248 | D:6      | Reached skill level 7 in Fire Magic
  6867 | D:6      | Noticed Pikel
  7167 | D:6      | Killed Pikel
  7168 | D:6      | Reached skill level 5 in Conjurations
  7168 | D:6      | Reached skill level 8 in Fire Magic
  7661 | D:7      | Learned a level 4 spell: Sticky Flame
  7665 | D:7      | Learned a level 3 spell: Inner Flame
  7667 | D:7      | Learned a level 1 spell: Summon Small Mammal
  7838 | D:7      | Noticed Maggie
  7852 | D:7      | Killed Maggie
  7853 | D:7      | Reached skill level 1 in Summonings
  7853 | D:7      | Reached XP level 9. HP: 38/67 MP: 2/18
  8101 | D:7      | Reached * piety under Vehumet
  8101 | D:7      | Offered knowledge of Magic Dart by Vehumet.
  8320 | D:8      | Reached skill level 9 in Fire Magic
  8445 | D:8      | Noticed Joseph
  8455 | D:8      | Killed Joseph
  8681 | D:8      | Lost mutation: Potions are less effective at restoring your
                  | health. [potion of mutation]
  8681 | D:8      | Lost mutation: Your muscles are strong. (Str +4, Int/Dex
                  | -1) [potion of mutation]
  8681 | D:8      | Lost mutation: You have supernaturally acute eyesight.
                  | (SInv) [potion of mutation]
  8681 | D:8      | Gained mutation: You passively map a small area around you.
                  | [potion of mutation]
  8681 | D:8      | Gained mutation: You have large cloven feet. [potion of
                  | mutation]
  8682 | D:8      | Lost mutation: You occasionally shout uncontrollably at
                  | your foes. [potion of mutation]
  8682 | D:8      | Lost mutation: You passively map a small area around you.
                  | [potion of mutation]
  8682 | D:8      | Lost mutation: You have large cloven feet. [potion of
                  | mutation]
  8682 | D:8      | Gained mutation: You are strong-willed. (Will+) [potion of
                  | mutation]
  8682 | D:8      | Gained mutation: You have a beak for a mouth. [potion of
                  | mutation]
  8682 | D:8      | Gained mutation: You are dopey. (Int -2) [potion of
                  | mutation]
  9056 | D:9      | Found Ylilotie's Armour Shop.
  9064 | D:9      | Bought a +2 pair of boots of stealth for 258 gold pieces
  9088 | D:9      | Noticed Erica
  9094 | D:9      | Killed Erica
  9095 | D:9      | Reached skill level 10 in Fire Magic
  9136 | D:9      | Reached XP level 10. HP: 73/73 MP: 14/21
  9447 | D:9      | Noticed a gargoyle
  9452 | D:9      | Killed a gargoyle
  9459 | D:9      | Noticed a centaur warrior
  9462 | D:9      | Shot with a bolt by a centaur warrior

Illustrated notes

Levels and vault maps discovered:
D:1:      dpeg_arrival_rooms_c, layout_basic
D:2:      layout_loops_ring, nicolae_ecumenical_lake_church
D:3:      layout_loops_cross
D:4:      layout_rooms, portal_sewer_entry_b, hangedman_decor_opposing,
          minmay_stone_trees_small, minmay_joined_circles
D:5:      layout_basic, minmay_temple_entry_hall
D:6:      layout_basic, okawaru_trees_2, uniq_pikel
D:7:      layout_cave_pools, uniq_maggie
D:8:      layout_gridville, grunt_decor_arrowhead, uniq_joseph
D:9:      minmay_the_grid_four_pointed_star_mashed
          [minmay_the_grid_triangle_9x9_thin_v,
          minmay_the_grid_triangle_9x9_longest,
          minmay_the_grid_triangle_9x9_alien,
          minmay_the_grid_triangle_9x9_zippers_horizontal,
          minmay_the_grid_prize_four_corners], layout_small_grid, serial_shops,
          shop, uniq_erica
Temple:   compressed_dpeg_triangle_lava_temple

Skill      XL: |  1  2  3  4  5  6  7  8  9 10 |
---------------+-------------------------------+-----
Fire Magic     | 4 5 6 8 10 | 10.4
Dodging        | 2 3 |  3.3
Conjurations   | 2 3 4 5 6 |  6.4
Stealth        | 2 3 |  3.2
Fighting       | 1 2 |  2.3
Spellcasting   | 4 5 6 7 |  7.9
Axes           | 1 |  1.4
Summonings     | 1 2 3 |  3.4
Staves         | |  0.1
Hexes          | |  0.2

Action                   |  1- 3 |  4- 6 |  7- 9 | 10-12 || total
-------------------------+-------+-------+-------+-------++-------
Melee: Unarmed           |    10 |       |       |       ||    10
       Tailslap          |     6 |     2 |     5 |     2 ||    15
       Quarterstaff      |     6 |       |       |       ||     6
       Club              |     1 |       |       |       ||     1
       Battleaxe         |    23 |    34 |    69 |    12 ||   138
       Peck              |       |       |       |     3 ||     3
Throw: Boomerang         |     1 |       |       |       ||     1
 Cast: Foxfire           |    51 |    76 |   164 |     9 ||   300
       Scorch            |       |     3 |    38 |     2 ||    43
       Flame Wave        |       |       |     4 |     2 ||     6
       Conjure Flame     |       |       |     1 |       ||     1
       Summon Small Mamm |       |       |     1 |       ||     1
       Inner Flame       |       |       |     1 |       ||     1
       Sticky Flame      |       |       |     3 |     1 ||     4
 Abil: Breathe Dispellin |       |       |     3 |       ||     3
  Use: Potion            |     1 |     1 |     7 |       ||     9
       Scroll            |     1 |     4 |    11 |     3 ||    19
 Stab: Sleeping          |     1 |       |     4 |       ||     5
       Distracted        |       |       |     1 |       ||     1
Armor: Skin              |    10 |    11 |    23 |     5 ||    49
Dodge: Dodged            |    36 |    21 |    46 |    10 ||   113
